 Dungeon Crawl Stone Soup version 0.24-a0-459-g225fefd530 (webtiles) character file.

Game seed: 14060386077333022343

38 Gargoyl the Skirmisher (level 3, -14/33 HPs)
             Began as a Centaur Abyssal Knight on June 28, 2019.
             Was a Follower of Lugonu.
             Killed from afar by a raiju (26 damage)
             ... with a living lightning
             ... on level 2 of the Abyss.
             The game lasted 00:01:23 (99 turns).

Gargoyl the Skirmisher (Centaur Abyssal Knight)       Turns: 99, Time: 00:01:24

Health: -14/33     AC:  4    Str: 14    XL:     3   Next: 25%
Magic:  4/4        EV:  9    Int: 11    God:    Lugonu [*.....]
Gold:   0          SH:  0    Dex:  9    Spells: 2/2 levels left

rFire    . . .     SeeInvis .   a - +1 hand axe
rCold    . . .     Gourm    .   (no shield)
rNeg     . . .     Faith    .   b - +0 leather armour
rPois    .         Spirit   .   (no helmet)
rElec    .         Reflect  .   (no cloak)
rCorr    .         Harm     .   (no gloves)
MR       .....                  (no barding)
Stlth    ..........             (no amulet)
HPRegen  0.00/turn              (no ring)
MPRegen  0.09/turn              (no ring)

@: non-regenerating, diseased, very quick
A: large, hooves 3, deformed body, speed 2, tough skin 3
a: Depart the Abyss, Renounce Religion


You were on level 2 of the Abyss.
You worshipped Lugonu.
Lugonu was aware of your devotion.
You were not hungry.

You visited 0 branches of the dungeon, and saw 0 of its levels.
You visited the Abyss 1 time.

Inventory:

Hand Weapons
 a - a +1 hand axe (weapon)
Armour
 b - a +0 leather armour (worn)
Wands
 d - a wand of disintegration (3)
 e - a wand of acid (5)
Comestibles
 c - 2 rations


   Skills:
 + Level 3.8 Fighting
 + Level 2.4 Axes
 + Level 1.4 Armour
 + Level 0.6 Dodging
 + Level 2.0 Invocations
 + Level 0.2 Evocations


You had 2 spell levels left.
You didn't know any spells.
Your spell library contained the following spells:

 Spells                   Type           Power        Failure   Level  Hunger
 Flame Tongue             Conj/Fire      #....        41%         1    ##.....
 Cause Fear               Hex            #.........   99%         4    #####..
 Bolt of Fire             Conj/Fire      #.........   100%        6    #######
 Dragon Form              Tmut           #.........   100%        7    #######
 Dragon's Call            Summ           #.........   100%        9    #######


Dungeon Overview and Level Annotations

Branches:
Dungeon (0/15)

Altars:


Innate Abilities, Weirdness & Mutations

You have hooves in place of feet.
Armour fits poorly on your strangely shaped body.
You cover ground very quickly.
You have extremely tough skin. (AC +3)


Message History

Unknown command.
The large abomination hits you!
A raiju comes into view.
An ancient zyme comes into view.
A large abomination comes into view.
You feel yourself growing ill in the presence of the ancient zyme.
Aiming: Disintegrate
Press: ? - help, Shift-Dir - straight line, f/p - large abomination
Aim: a large abomination (heavily damaged, chance to defeat MR: 7%)
The large abomination resists with almost no effort.
The raiju bursts into living lightning!
The living lightning hits you!
The raiju blinks! x2
A hellwing comes into view.
The hellwing gives a chilling moan.
You feel ill.
An orange demon comes into view.
The orange demon screeches!
The raiju bursts into living lightning!
The living lightning hits you!!
Ouch! That really hurt!
You die...

...##....X.##...∩..##......
. ...................... ..
. ##..4.#..#...#..# ##.#.
#. #.....##h.##..## #...
#..h..#..#..#
#..####..#..##.##
###...#....##...
................
.######@..#...#
#.........#.# .....##...###
. .#.. .##..# ... # ### #.
#


You could see 2 raiju.

Vanquished Creatures
  A small abomination (Abyss:2)
  An ufetubus (Abyss:2)
2 creatures vanquished.

Notes
Turn   | Place    | Note
-------+----------+-------------------------------------------
     0 | Abyss:1  | Gargoyl the Centaur Abyssal Knight began the quest for the
                  | Orb.
     0 | Abyss:1  | Reached XP level 1. HP: 19/19 MP: 2/2
    21 | Abyss:2  | Noticed a large abomination
    58 | Abyss:2  | Noticed a small abomination
    69 | Abyss:2  | Found a basalt altar of Yredelemnul.
    77 | Abyss:2  | Killed a small abomination
    77 | Abyss:2  | Reached XP level 2. HP: 27/27 MP: 3/3
    78 | Abyss:2  | Reached XP level 3. HP: 33/33 MP: 4/4
    81 | Abyss:2  | Noticed a large abomination
    82 | Abyss:2  | Noticed a raiju
    86 | Abyss:2  | Noticed a raiju
    87 | Abyss:2  | Noticed an ancient zyme
    87 | Abyss:2  | Noticed a large abomination
    88 | Abyss:2  | Noticed a hellwing
    98 | Abyss:2  | Noticed a cacodemon
    98 | Abyss:2  | Noticed an orange demon
    99 | Abyss:2  | Killed from afar by a raiju

Levels and vault maps discovered:
Abyss:2

Skill      XL: |  1 |
---------------+----+-----
Axes           | 2 |  2.4
Fighting       | |  3.8
Armour         | |  1.4
Dodging        | |  0.6
Invocations    | |  2.0
Evocations     | |  0.2

Action                   || total
-------------------------++-------
Evoke: Wand              ||    15
  Use: Scroll            ||     1

Table legend:
 A = Non-vault XP
 B = Vault XP
 C = Vault XP percentage of total XP
 D = Non-vault monster count
 E = Vault monster count
 F = Vault count percentage of total count
                 A         B        C        D         E       F
            +---------+---------+-------+---------+---------+-------
      Total |      55 |       0 |   0.0 |       2 |       0 |   0.0
            +---------+---------+-------+---------+---------+-------
    Abyss:2 |      55 |       0 |   0.0 |       2 |       0 |   0.0
            +---------+---------+-------+---------+---------+-------
